 Dungeon Crawl Stone Soup version 0.30-a0-374-g95c0257040 (webtiles) character file.

Game seed: 10585891302236531601

116 karrick the Covered (level 5, 0/33 HPs)
             Began as a Gargoyle Fighter on Nov 26, 2022.
             Slain by an orc
             ... wielding a +0 trident
              (5 damage)
             ... on level 3 of the Dungeon.
             The game lasted 00:01:55 (1623 turns).

karrick the Covered (Gargoyle Fighter)              Turns: 1623, Time: 00:01:55

Health: 0/33       AC: 11    Str: 20    XL:     5   Next: 0%
Magic:  5/5        EV:  9    Int:  8    God:
Gold:   104        SH:  4    Dex: 11    Spells: 4/4 levels left

rFire   . . .      SeeInvis .    a - +0 flail
rCold   . . .      Faith    .    c - +0 buckler
rNeg    + . .      Spirit   .    b - +0 scale mail
rPois   ∞          Reflect  .    (no helmet)
rElec   +          Harm     .    (no cloak)
rCorr   .          Rampage  .    (no gloves)
Will    .....                    (no boots)
Stlth   ..........               (no amulet)
HPRegen 0.25/turn                (no ring)
MPRegen 0.09/turn                (no ring)

@: mighty
A: sickness immunity, AC +4, negative energy resistance 1, electricity
resistance, torment resistance 1, petrification resistance
a: no special abilities


You were on level 3 of the Dungeon.
You visited 1 branch of the dungeon, and saw 3 of its levels.

You collected 104 gold pieces.

Inventory:

Hand Weapons
 a - a +0 flail (weapon)
Armour
 b - a +0 scale mail (worn)
 c - a +0 buckler (worn)
Scrolls
 g - a scroll of vulnerability {unknown}
 i - 2 scrolls of poison {unknown}
 j - 2 scrolls of identify {unknown}
 k - a scroll of summoning {unknown}
 m - 2 scrolls of butterflies {unknown}
Potions
 e - 3 potions of curing {unknown}
 f - 2 potions of haste {unknown}
 h - a potion of mutation {unknown}
 l - a potion of magic {unknown}
 n - a potion of degeneration {unknown}


   Skills:
 + Level 3.9 Fighting
 + Level 3.4 Maces & Flails
 + Level 4.0 Armour
 + Level 0.1 Stealth
 + Level 3.9 Shields


You had 4 spell levels left.
You didn't know any spells.
Your spell library contained the following spells:

 Spells                   Type           Power      Damage    Failure   Level
 Apportation              Tloc           0%         N/A       85%         1
 Sandblast                Erth           0%         2d4       85%         1
 Passwall                 Tmut/Erth      0%         N/A       94%         2
 Stone Arrow              Conj/Erth      0%         3d7       99%         3
 Alistair's Intoxication  Tmut/Pois      0%         N/A       100%        5
 Freezing Cloud           Conj/Ice/Air   0%         6-21      100%        5
 Simulacrum               Ice/Necr       0%         N/A       100%        6
 Polar Vortex             Ice            0%         N/A       100%        9


Dungeon Overview and Level Annotations

Branches:
Dungeon (3/15)

Altars:

Shops:
D:1 ?


Innate Abilities, Weirdness & Mutations

You are immune to sickness and miasma.
Your stone body is resilient. (AC +4)
You are immune to poison.
You resist negative energy. (rN+)
You are resistant to electric shocks. (rElec)
You are resistant to unholy torment.
You are immune to petrification.


Message History

A ball python comes into view.
The ball python hisses angrily.
The ball python moves out of view.
An orc priest and 2 orcs come into view.
The orc shouts!
The orc priest begins to cast a cantrip, but forgets the words!
The orc priest hits you but does no damage.
The orc hits you from afar with a +0 trident.
You hit the orc priest but do no damage.
You block the orc priest's attack. The orc hits you but does no damage.
You closely miss the orc priest.
The orc priest hits you with a +0 short sword.
The orc hits you from afar with a +0 trident.
You block the orc priest's attack. The orc hits you but does no damage.
You closely miss the orc priest. The orc priest barely misses you.
The orc barely misses you.
You hit the orc priest but do no damage.
The orc priest hits you but does no damage.
The orc closely misses you.
You sock the orc priest!
The orc priest is almost dead.
The orc priest looks braver for a moment.
The orc hits you from afar with a +0 trident.
You closely miss the orc priest.
The orc priest is almost dead.
You block the orc's attack.
The orc priest invokes the aid of Beogh against you.
You are unaffected.
The orc misses you.
The orc priest mumbles some strange prayers to Beogh against you.
Beogh smites you!
Ouch! That really hurt!
* * * LOW HITPOINT WARNING * * *
You hit the orc priest.
You kill the orc priest!
The orc barely misses you.
Your Armour skill increases to level 4!
You have reached level 5!
You feel very mighty all of a sudden.
The orc hits you from afar with a +0 trident.
You die...

#... ###.....#
#....... #.......
#.. #...[..
....##......
...........######.#
.......##..@)oo...#
.......+...########
....
.......###......#
....
........#......#
....
####...........#
... #........#### .
#........# +#### ..
##.......#
...(..... #.......#


You could see 2 orcs.

Vanquished Creatures
  An orc priest (D:3)
  A gnoll (D:1)
  An adder (D:2)
  2 worms (D:2)
  2 dart slugs
  9 ball pythons
  4 endoplasms
  3 giant cockroaches
  7 hobgoblins
  5 jackals (D:1)
  2 quokkas (D:1)
  4 bats
  2 frilled lizards
  4 goblins
  3 kobolds
  4 rats
54 creatures vanquished.

Notes
Turn   | Place    | Note
-------+----------+-------------------------------------------
     0 | D:1      | karrick the Gargoyle Fighter began the quest for the Orb.
     0 | D:1      | Reached XP level 1. HP: 14/14 MP: 1/1
   109 | D:1      | Reached XP level 2. HP: 19/19 MP: 2/2
   282 | D:1      | Reached XP level 3. HP: 24/24 MP: 3/3
   356 | D:1      | Found a faded altar of an unknown god.
   632 | D:1      | Found Ahen's Magic Scroll Boutique.
   845 | D:2      | Reached XP level 4. HP: 29/29 MP: 4/4
  1623 | D:3      | Reached skill level 4 in Armour
  1623 | D:3      | Reached XP level 5. HP: 4/33 MP: 5/5
  1623 | D:3      | Slain by an orc

Illustrated notes

Levels and vault maps discovered:
D:1:      eino_arrival_water_star, layout_basic, ebering_ecumenical_altar_hall,
          serial_shops, shop_statue
D:2:      layout_loops_ring, dreamdust_princess_corridor
D:3:      layout_basic

Skill      XL: |  1  2  3  4 |
---------------+-------------+-----
Maces & Flails | 3 |  3.4
Armour         | 4 |  4.0
Fighting       | |  3.9
Stealth        | |  0.1
Shields        | |  3.9

Action                   |  1- 3 |  4- 6 || total
-------------------------+-------+-------++-------
Melee: Flail             |   141 |    62 ||   203
  Use: Potion            |       |     1 ||     1
Armor: Scale mail        |   111 |    51 ||   162
Dodge: Dodged            |    91 |    40 ||   131
Block: Buckler           |    33 |    21 ||    54

Table legend: (Time is in decaauts)
 A = Elapsed time spent in this place.
 B = Non-inter-level travel time spent in this place.
 C = Inter-level travel time spent in this place.
 D = Time resting spent in this place.
 E = Time spent auto-exploring this place.
 F = Levels seen in this place.
 G = Mean time per level.
                   A        B        C        D        E       F      G
               +--------+--------+--------+--------+--------+-----+--------+
         Total |   1687 |   1671 |     16 |      0 |   1261 |   3 |  562.3 |
       Dungeon |   1687 |   1671 |     16 |      0 |   1261 |   3 |  562.3 |
               +--------+--------+--------+--------+--------+-----+--------+

Top non-repeatable levels by time:
     D:1: 768 daAuts
     D:2: 767 daAuts
     D:3: 151 daAuts
